 Dungeon Crawl Stone Soup version 0.30-a0-377-g5cb311bc9f (webtiles) character file.

Game seed: 13319370927018120759

1487 NinjaNoafa the Summoner (level 8, -3/36 HPs)
             Began as a Felid Summoner on Nov 29, 2022.
             Was an Initiate of Gozag.
             Shot with an arrow by a centaur (10 damage)
             ... on level 8 of the Dungeon.
             The game lasted 00:21:25 (9637 turns).

NinjaNoafa the Summoner (Felid Summoner)            Turns: 9637, Time: 00:21:26

Health: -3/36      AC:  2    Str:  4    XL:     8   Next: 50%
Magic:  20/20      EV: 20    Int: 18    God:    Gozag
Gold:   984        SH:  0    Dex: 17    Spells: 12/21 levels left
                                        Lives:  0   Deaths: 2

rFire   . . .      SeeInvis +    (weapon unavailable)
rCold   . . .      Faith    .    (shield unavailable)
rNeg    + . .      Spirit   .    (body armour unavailable)
rPois   .          Reflect  .    (helmet unavailable)
rElec   .          Harm     .    (cloak unavailable)
rCorr   .          Rampage  .    (gloves unavailable)
Will    ++...                    (boots unavailable)
Stlth   ++........               (no amulet)
HPRegen 0.26/turn                b - ring of willpower
MPRegen 0.17/turn                r - ring of positive energy

@: quick
A: very small, claws 1, fangs 3, see invisible, speed 1, shaggy fur 2, stealthy
paws, no weapons or thrown items, no armour, multi-lived
a: Renounce Religion, Potion Petition, Call Merchant, Bribe Branch


You were on level 8 of the Dungeon.
You worshipped Gozag.
Gozag was pleased with you.
You visited 2 branches of the dungeon, and saw 9 of its levels.

You collected 1031 gold pieces.
You paid 47 gold pieces to Gozag.

Inventory:

Jewellery
 b - a ring of willpower (left paw)
 r - a ring of positive energy (right paw)
 B - a ring of fire
 C - a ring of positive energy
Wands
 z - a wand of iceblast (3)
 A - a wand of flame (5)
Scrolls
 d - a scroll of silence {unknown}
 g - a scroll of immolation
 i - a scroll of vulnerability {unknown}
 k - a scroll of acquirement {unknown}
 o - a scroll of poison {unknown}
 p - 4 scrolls of teleportation
 t - 3 scrolls of amnesia
 y - 2 scrolls of blinking {unknown}
 D - a scroll of butterflies {unknown}
Potions
 a - 3 potions of magic
 c - 2 potions of ambrosia {unknown}
 f - 2 potions of brilliance {unknown}
 j - 3 potions of might
 m - a potion of haste {unknown}
 n - 2 potions of berserk rage {unknown}
 q - 4 potions of curing {unknown}
 s - a potion of lignification
 u - a potion of flight {unknown}
 v - a potion of mutation {unknown}
 w - 2 potions of degeneration
 x - a potion of resistance {unknown}


   Skills:
 + Level 3.7 Fighting
 + Level 5.8 Dodging
 - Level 2.6 Stealth
 + Level 7.4 Spellcasting
 - Level 5.0 Hexes
 * Level 9.0 Summonings


You had 12 spell levels left.
You knew the following spells:

 Your Spells              Type           Power      Damage    Failure   Level
a - Summon Small Mammal   Summ           100%       N/A       1%          1
b - Call Imp              Summ           39%        N/A       1%          2
c - Call Canine Familiar  Summ           39%        N/A       1%          3
d - Summon Guardian Gole  Hex/Summ       31%        N/A       1%          3

Your spell library contained the following spells:

 Spells                   Type           Power      Damage    Failure   Level
 Dazzling Flash           Conj/Hex       30%        N/A       11%         3
 Inner Flame              Hex/Fire       15%        N/A       11%         3
 Summon Lightning Spire   Summ/Air       22%        N/A       16%         4
 Gell's Gravitas          Tloc           6%         N/A       30%         3
 Teleport Other           Tloc           6%         N/A       30%         3
 Flame Wave               Conj/Fire      6%         2d5       71%         4
 Sticky Flame             Conj/Fire      6%         2d3       71%         4
 Silence                  Hex/Air        7%         N/A       71%         5
 Agony                    Necr           6%         N/A       96%         5
 Dispersal                Tloc           3%         N/A       100%        6


Dungeon Overview and Level Annotations

Branches:
Dungeon (8/15)             Temple (1/1) D:4
   Lair: D:8-11

Altars:
Ashenzari
Cheibriados
Dithmenos
Elyvilon
Fedhas
Gozag
Hepliaklqana
Kikubaaqudgha
Makhleb
Nemelex Xobeh
Qazlal
Ru
Sif Muna
Trog
Uskayaw
Vehumet
Yredelemnul
Zin
The Shining One


Innate Abilities, Weirdness & Mutations

You have sharp claws.
You have razor-sharp teeth.
You have supernaturally acute eyesight. (SInv)
You cover ground quickly. (Speed+)
You are covered in thick fur. (AC +2)
Your paws help you pounce on unaware monsters.
You are incapable of wielding weapons or throwing items.
You cannot wear armour.
You gain extra lives every three experience levels.


Message History

The centaur moves out of view.
A gnoll bouda comes into view. It is wielding a +0 whip.
You hear a twanging sound.
An arrow appears from out of your range of vision.
The arrow misses your crimson imp.
You hear a shout!
Your hound disappears in a puff of smoke!
A bullfrog comes into view.
You hear a twanging sound.
An arrow appears from out of your range of vision.
The arrow hits your crimson imp!
A gnoll comes into view. It is wielding a +0 halberd.
Your crimson imp barely misses the gnoll.
The bullfrog barely misses your crimson imp.
The gnoll bouda barks out a call to the hunt!
The gnolls pick up the pace!
A gnoll comes into view. It is wielding a +0 spear.
A gnoll comes into view. It is wielding a +0 flail.
Your crimson imp hits the gnoll.
You hear a twanging sound.
An arrow appears from out of your range of vision.
The arrow hits your crimson imp!
Your crimson imp dies!
Your crimson imp disappears in a puff of smoke!
The gnoll moves out of view.
The gnoll shouts!
You hear a shout!
The gnoll attacks as you move away! The gnoll misses you.
The centaur shoots an arrow.
The arrow hits you!
The centaur shoots an arrow.
The arrow hits you! The gnoll attacks as you move away!
The gnoll completely misses you.
The centaur shoots an arrow.
The arrow closely misses you. The bullfrog attacks as you move away!
The bullfrog completely misses you. The gnoll attacks as you move away!
The gnoll misses you. The gnoll misses you. The gnoll attacks as you move away!
The gnoll hits you with a +0 flail!
* * * LOW HITPOINT WARNING * * *
The centaur shoots an arrow.
The arrow hits you!
You die...
Your body crumbles into a pile of gold.

#....##.......#
##.c###.......## . ...
#..g....##....##.....#
###.....#............#
##..g.......####...#...
#...........#.........
#....g......#.........
##...F.........# .....
##.#@<.)......###....
#..#)).........##....
#......<.......##§or.
#.......#.......o....
#..(...###......o..o.
.........#<...........
##.....................
###.........###.......
#..##....## #.......


You could see a bullfrog, a centaur and 3 gnolls.

Vanquished Creatures
  A steam dragon (D:7)
  A sky beast (D:3)
  An orc priest (D:8)
  3 orc wizards
  4 gnolls (D:3)
  An adder (D:3)
  3 ball pythons
  2 endoplasms
  A goblin (D:2)
  A hobgoblin (D:2)
  2 quokkas
  4 bats
  3 frilled lizards
  2 kobolds
  A rat (D:1)
30 creatures vanquished.

Vanquished Creatures (collateral kills)
  Edmund (D:4)
  An ice beast (D:7)
  An ogre (D:7)
  A centaur (D:7)
  A kobold brigand (D:7)
  3 bullfrogs
  A necrophage (D:6)
  4 scorpions
  Blork the orc (D:4)
  A howler monkey (D:4)
  2 hounds
  2 orc priests (D:7)
  4 iguanas
  4 orc wizards
  5 gnolls
  7 adders
  A white imp (D:7)
  An ufetubus (D:2)
  A worm (D:2)
  A dart slug (D:2)
  17 orcs
  5 ball pythons
  2 bats (D:1)
  5 endoplasms
  4 giant cockroaches
  5 goblins
  6 hobgoblins
  3 jackals (D:3)
  7 kobolds
  2 quokkas (D:2)
  5 rats
104 creatures vanquished.

Vanquished Creatures (others)
  A troll (D:6)
  Sigmund (D:3)
  Menkaure (D:6)
  A water moccasin (D:6)
  A black bear (D:6)
  A centaur (D:7)
  A scorpion (D:4)
  A white imp (D:6)
  3 kobolds (D:7)
  4 plants (D:1)
15 creatures vanquished.

Grand Total: 149 creatures vanquished

Notes
Turn   | Place    | Note
-------+----------+-------------------------------------------
     0 | D:1      | NinjaNoafa the Felid Summoner began the quest for the Orb.
     0 | D:1      | Reached XP level 1. HP: 7/7 MP: 4/4
   588 | D:1      | Reached XP level 2. HP: 11/11 MP: 3/6
   627 | D:1      | Found a faded altar of an unknown god.
  1401 | D:1      | Learned a level 2 spell: Call Imp
  1625 | D:2      | Reached XP level 3. HP: 14/14 MP: 4/8
  1666 | D:2      | Learned a level 3 spell: Call Canine Familiar
  2432 | D:2      | Reached XP level 4. HP: 18/18 MP: 3/9
  2584 | D:2      | Reached skill level 5 in Summonings
  2614 | D:2      | You fall into a shaft and drop 2 floors!
  2619 | D:4      | Learned a level 3 spell: Summon Guardian Golem
  2670 | D:4      | Noticed a scorpion
  2698 | D:4      | Killed a scorpion
  2699 | D:4      | Reached XP level 5. HP: 21/21 MP: 9/11
  2739 | D:4      | Noticed a sky beast
  2752 | D:4      | Noticed Blork the orc
  2796 | D:4      | Found a staircase to the Ecumenical Temple.
  2804 | Temple   | Entered the Ecumenical Temple
  3070 | Temple   | Became a worshipper of Gozag Ym Sagoz the Greedy
  3199 | D:3      | Killed a sky beast
  3200 | D:3      | Gained mutation: You are covered in thick fur. (AC +2)
                  | [Felid growth]
  3200 | D:3      | Reached XP level 6. HP: 15/24 MP: 0/13
  3491 | D:2      | Reached skill level 6 in Summonings
  3700 | D:3      | Noticed Sigmund
  3782 | D:3      | Killed Sigmund
  3783 | D:3      | Reached skill level 5 in Spellcasting
  3957 | D:3      | Reached XP level 7. HP: 27/27 MP: 8/15
  4180 | D:3      | Found a basalt altar of Yredelemnul.
  4219 | D:3      | Found a bloodstained altar of Trog.
  4220 | D:3      | Found a stormy altar of Qazlal.
  4224 | D:3      | Found a sacrificial altar of Ru.
  4548 | D:4      | Noticed Edmund
  4796 | D:4      | Killed Edmund
  4797 | D:4      | Reached skill level 7 in Summonings
  5085 | D:4      | Killed from afar by Blork the orc
  5086 | D:4      | Reached XP level 6. HP: 0/24 MP: 14/15
  5102 | D:4      | Killed Blork the orc
  5211 | D:5      | Entered Level 5 of the Dungeon
  5532 | D:5      | Reached XP level 7. HP: 27/27 MP: 7/17
  5540 | D:5      | Reached skill level 1 in Hexes
  5817 | D:5      | Found a blossoming altar of Fedhas.
  6248 | D:6      | Reached skill level 1 in Fighting
  6743 | D:6      | Reached XP level 8. HP: 32/32 MP: 11/18
  6782 | D:6      | Noticed a troll
  6791 | D:6      | Killed a troll
  6792 | D:6      | Reached skill level 8 in Summonings
  6979 | D:6      | Noticed Menkaure
  6995 | D:6      | Killed Menkaure
  7206 | D:6      | Reached skill level 5 in Hexes
  7982 | D:7      | Found a radiant altar of Vehumet.
  8009 | D:7      | Reached skill level 5 in Dodging
  8568 | D:7      | Engulfed by a steam dragon's steam
  8569 | D:7      | Reached XP level 7. HP: -8/31 MP: 13/18
  8636 | D:7      | Reached XP level 8. HP: 34/34 MP: 12/19
  9524 | D:8      | Reached skill level 9 in Summonings
  9637 | D:8      | Shot with an arrow by a centaur

Illustrated notes

Levels and vault maps discovered:
D:1:      amcnicky_arrival_double_pillar, layout_basic,
          dreamdust_ecumenical_altar_statues, minmay_shallow_snake_nest
D:2:      layout_basic
D:3:      layout_rooms, minitemple, uniq_sigmund
D:4:      layout_basic, minmay_temple_entry_junction_2, uniq_edmund,
          uniq_blork_the_orc
D:5:      layout_loops_cross, fedhas_altar_fruit_tree
D:6:      nicolae_cairo_tiling_large, layout_rooms, uniq_menkaure
D:7:      layout_layer_cave, fiery_altar_vehumet
D:8:      layout_cave_pools, david_lair_shrubbed, serial_glass, glass_columns_a,
          glass_columns_b, uniq_erica
Temple:   nicolae_temple_figure_eight

Skill      XL: |  1  2  3  4  5  6  7  8 |
---------------+-------------------------+-----
Spellcasting   | 3 4 6 7 |  7.4
Summonings     | 5 6 7 9 |  9.0
Hexes          | 3 5 |  5.0
Dodging        | 3 5 |  5.8
Fighting       | 1 3 |  3.7
Stealth        | |  2.6

Action                   |  1- 3 |  4- 6 |  7- 9 || total
-------------------------+-------+-------+-------++-------
Melee: Unarmed           |    30 |    14 |    22 ||    66
       Bite              |     2 |     1 |     5 ||     8
 Cast: Summon Small Mamm |    53 |    19 |    40 ||   112
       Call Imp          |     5 |    14 |    23 ||    42
       Call Canine Famil |     8 |    13 |    35 ||    56
       Summon Guardian G |       |     4 |    19 ||    23
Evoke: Wand              |       |       |     9 ||     9
  Use: Scroll            |       |     1 |     7 ||     8
       Potion            |       |       |     2 ||     2
 Stab: Sleeping          |     4 |       |       ||     4
       Distracted        |       |       |     1 ||     1
Armor: Skin              |     7 |     5 |     4 ||    16
Dodge: Dodged            |    74 |    85 |    71 ||   230

Table legend: (Time is in decaauts)
 A = Elapsed time spent in this place.
 B = Non-inter-level travel time spent in this place.
 C = Inter-level travel time spent in this place.
 D = Time resting spent in this place.
 E = Time spent auto-exploring this place.
 F = Levels seen in this place.
 G = Mean time per level.
                   A        B        C        D        E       F      G
               +--------+--------+--------+--------+--------+-----+--------+
         Total |   8431 |   8043 |    388 |      0 |   6176 |   9 |  936.8 |
       Dungeon |   8166 |   7810 |    356 |      0 |   5949 |   8 | 1020.8 |
        Temple |    264 |    232 |     32 |      0 |    226 |   1 |  264.0 |
               +--------+--------+--------+--------+--------+-----+--------+

Top non-repeatable levels by time:
     D:7: 1871 daAuts
     D:1: 1384 daAuts
     D:2: 1354 daAuts
     D:5: 953 daAuts
     D:4: 909 daAuts
     D:6: 842 daAuts
     D:3: 686 daAuts
  Temple: 264 daAuts
     D:8: 164 daAuts
